 Dungeon Crawl Stone Soup version 0.27.1-33-g824d729ab1 (webtiles) character file.

Game seed: 2981012485822031419

4664 jay the Grappler (level 10, 0/102 HPs)
             Began as a Troll Monk on Nov 28, 2021.
             Was a Believer of Qazlal.
             Succumbed to othur's ghost's poison
             ... on level 7 of the Dungeon.
             The game lasted 00:43:08 (6320 turns).

jay the Grappler (Troll Monk)                       Turns: 6320, Time: 00:43:09

Health: 0/102      AC:  9    Str: 24    XL:     10   Next: 20%
Magic:  1/9        EV: 10    Int:  6    God:    Qazlal [**....]
Gold:   229        SH:  3    Dex: 12    Spells: 9/9 levels left

rFire    . . .     SeeInvis .     - Unarmed
rCold    . . .     Faith    .   (no shield)
rNeg     . . .     Spirit   +   a - +1 robe
rPois    .         Reflect  .   (helmet restricted)
rElec    .         Harm     .   (no cloak)
rCorr    +         Rampage  .   (gloves unavailable)
Will     .....                  (boots unavailable)
Stlth    +.........             o - amulet of guardian spirit
HPRegen  1.27/turn              l - +4 ring of protection
MPRegen  0.11/turn              n - ring of resist corrosion

@: mighty, lethally poisoned (0 -> -5), about to teleport, flying
A: large, unfitting armour, claws 3, regeneration 1, shaggy fur 1, tough skin 1
a: Renounce Religion, Upheaval


You were on level 7 of the Dungeon.
You worshipped Qazlal.
Qazlal was pleased with you.
You visited 2 branches of the dungeon, and saw 8 of its levels.

You collected 354 gold pieces.
You spent 125 gold pieces at shops.

Inventory:

Hand Weapons
 h - a +1 hunting sling of freezing
Missiles
 d - 9 javelins (quivered)
 k - 124 stones
 x - 10 sling bullets
Armour
 a - a +1 robe (worn)
 c - a +0 leather armour
 f - a +0 chain mail
 i - a +0 buckler
Jewellery
 l - a +4 ring of protection (left claw)
 n - a ring of resist corrosion (right claw)
 o - an amulet of guardian spirit (around neck)
 s - an amulet of reflection
 u - a ring of resist corrosion
 v - a ring of see invisible
 w - an amulet of magic regeneration
Scrolls
 g - 2 scrolls of teleportation
 r - a scroll of enchant weapon
 t - 6 scrolls of identify
Potions
 e - a potion of lignification
 j - 2 potions of attraction


   Skills:
 + Level 7.5 Fighting
 - Level 2.4 Dodging
 - Level 1.0 Stealth
 - Level 12.5 Unarmed Combat


You had 9 spell levels left.
You didn't know any spells.
Your spell library contained the following spells:

 Spells                   Type           Power      Damage    Failure   Level
 Corpse Rot               Necr/Air       N/A        N/A       58%         2
 Poisonous Vapours        Pois/Air       0%         N/A       58%         2
 Conjure Flame            Conj/Fire      0%         6-21      83%         3
 Frozen Ramparts          Ice            0%         1d2       83%         3
 Ignite Poison            Fire/Tmut/Pois 0%         N/A       83%         3
 Stone Arrow              Conj/Erth      0%         3d7       83%         3
 Animate Armour           Summ/Erth      0%         N/A       99%         4
 Hailstorm                Conj/Ice       0%         3d3       99%         4
 Ice Form                 Ice/Tmut       0%         N/A       99%         4
 Sticky Flame             Conj/Fire      0%         2d3       99%         4
 Summon Ice Beast         Ice/Summ       0%         N/A       99%         4
 Freezing Cloud           Conj/Ice/Air   0%         6-21      100%        5
 Simulacrum               Ice/Necr       0%         N/A       100%        6
 Lehudib's Crystal Spear  Conj/Erth      0%         10d2      100%        8


Dungeon Overview and Level Annotations

Branches:
Dungeon (7/15)             Temple (1/1) D:6

Altars:
Ashenzari
Cheibriados
Dithmenos
Fedhas
Hepliaklqana
Kikubaaqudgha
Makhleb
Nemelex Xobeh
Qazlal
Ru
Sif Muna
Trog
Uskayaw
Vehumet
Xom
Yredelemnul
The Shining One

Shops:
D:2 *   D:3 (   D:6 =

Annotations:
D:7 H4rdStyl3z's ghost, novice DrAK


Innate Abilities, Weirdness & Mutations

You are too large for most types of armour.
You have claws for hands.
Your natural rate of healing is unusually fast.
You are covered in fur. (AC +1)
You have tough skin. (AC +1)


Message History

Diceflayer's ghost says, "I was once a great warrior, and I still am!"
Diceflayer's ghost closely misses you.
You scratch diceflayer's ghost.
Diceflayer's ghost is almost destroyed.
Diceflayer's ghost says, "Missed me!"
Diceflayer's ghost hits you.
You eviscerate diceflayer's ghost!!!
You destroy diceflayer's ghost!
Qazlal accepts your kill.
Your Fighting skill increases to level 7!
You mangle othur's ghost!!
Othur's ghost is moderately damaged.
Othur's ghost hits you!
* * * LOW HITPOINT WARNING * * *
You are poisoned.
You claw othur's ghost!
Othur's ghost is moderately damaged.
You feel very sick. Othur's ghost hits you!
* * * LOW HITPOINT WARNING * * *
You are more poisoned.
You mangle othur's ghost!!
Othur's ghost is severely damaged.
You feel very sick. Othur's ghost hits you!
* * * LOW HITPOINT WARNING * * *
You mangle othur's ghost!!
Othur's ghost is almost destroyed.
* * * LOW HITPOINT WARNING * * *
You feel very sick.
Okay, then.
As you read the scroll of teleportation, it crumbles to dust.
You feel strangely unstable.
* * * LOW HITPOINT WARNING * * *
You feel very sick. Othur's ghost barely misses you.
You mangle othur's ghost!!
You destroy othur's ghost!
Qazlal accepts your kill.
You die...

#.# #.#
#.# #.#
#.# #.#
#.# #.#
#@# #####
#.#
##.(8.##W#
#8....#..#
|.....#..#
......'..#
8.....'..#
:.....'.##
?.....#.#


You could see H4rdStyl3z's ghost.

Vanquished Creatures
  The ghost of Discosetron the Thaumaturge, a novice DjFE of Makhleb (D:7)
  The ghost of othur the Basher, a novice MiCK of Xom (D:7)
  The ghost of diceflayer the Nimble, a novice MiFi of Okawaru (D:7)
  The ghost of Garym the Slasher, a novice DsAK of Lugonu (D:7)
  2 centaur zombies
  A kobold demonologist (D:6)
  Prince Ribbit (D:7)
  3 yaks (D:6)
  A steam dragon (D:6)
  A black bear (D:6)
  2 orc warriors
  2 ogres
  2 centaurs
  A phantom (D:6)
  2 bullfrogs
  A scorpion (D:4)
  A water moccasin skeleton (D:6)
  4 wights (D:6)
  2 orc priests (D:6)
  A hound (D:3)
  2 jellies
  3 iguanas
  3 orc wizards
  A howler monkey skeleton (D:6)
  6 adders
  2 worms (D:2)
  4 dart slugs
  9 orcs
  7 endoplasms
  2 giant cockroaches
  3 goblins
  12 hobgoblins
  8 jackals
  6 kobolds
  4 quokkas
  7 ball pythons
  6 bats
  3 frilled lizards (D:1)
  8 rats
127 creatures vanquished.

Vanquished Creatures (others)
  An orc wizard (D:3)
  An orc (D:3)
  11 plants (D:3)
13 creatures vanquished.

Grand Total: 140 creatures vanquished

Notes
Turn   | Place    | Note
-------+----------+-------------------------------------------
     0 | D:1      | jay the Troll Monk began the quest for the Orb.
     0 | D:1      | Reached XP level 1. HP: 22/22 MP: 0/0
   430 | D:1      | Reached XP level 2. HP: 29/29 MP: 1/1
   628 | D:1      | Reached skill level 4 in Unarmed Combat
   874 | D:1      | Reached XP level 3. HP: 34/36 MP: 2/2
  1234 | D:2      | Found a faded altar of an unknown god.
  1762 | D:2      | Found Guipt's Assorted Antiques.
  1767 | D:2      | Bought a moonstone ring for 125 gold pieces
  2027 | D:3      | Reached XP level 4. HP: 44/44 MP: 3/3
  2053 | D:3      | Reached skill level 5 in Unarmed Combat
  2323 | D:3      | Found Hopnacas's Antique Weapon Shoppe.
  2742 | D:3      | Reached XP level 5. HP: 50/50 MP: 4/4
  3166 | D:4      | Reached skill level 6 in Unarmed Combat
  3469 | D:5      | Entered Level 5 of the Dungeon
  3519 | D:5      | Noticed a centaur
  3523 | D:5      | Killed a centaur
  3524 | D:5      | Reached skill level 7 in Unarmed Combat
  3524 | D:5      | Reached XP level 6. HP: 55/59 MP: 5/5
  3740 | D:6      | Reached skill level 8 in Unarmed Combat
  3740 | D:6      | Reached XP level 7. HP: 53/66 MP: 4/6
  3847 | D:6      | Reached skill level 9 in Unarmed Combat
  3870 | D:6      | Found a staircase to the Ecumenical Temple.
  3910 | D:6      | Reached XP level 8. HP: 48/74 MP: 2/7
  3980 | D:6      | Found Fiekhlewne's Jewellery Shop.
  3998 | Temple   | Entered the Ecumenical Temple
  4542 | Temple   | Became a worshipper of Qazlal Stormbringer
  4542 | Temple   | Reached * piety under Qazlal
  4542 | Temple   | Reached ** piety under Qazlal
  4618 | D:6      | Reached skill level 10 in Unarmed Combat
  5155 | D:6      | Noticed a kobold demonologist
  5166 | D:6      | Reached skill level 11 in Unarmed Combat
  5180 | D:6      | Killed a kobold demonologist
  5181 | D:6      | Reached skill level 12 in Unarmed Combat
  5181 | D:6      | Reached XP level 9. HP: 67/80 MP: 4/8
  5903 | D:7      | Noticed Prince Ribbit
  5916 | D:7      | Killed Prince Ribbit
  6255 | D:7      | Found a runed translucent gate.
  6256 | D:7      | Found a runed translucent gate.
  6256 | D:7      | Found a runed translucent gate.
  6257 | D:7      | Noticed H4rdStyl3z's ghost (novice DrAK)
  6257 | D:7      | Noticed diceflayer's ghost (novice MiFi)
  6258 | D:7      | Noticed othur's ghost (novice MiCK)
  6258 | D:7      | Noticed Garym's ghost (novice DsAK)
  6258 | D:7      | Noticed Discosetron's ghost (novice DjFE)
  6289 | D:7      | Killed Discosetron's ghost
  6297 | D:7      | Killed Garym's ghost
  6298 | D:7      | Reached XP level 10. HP: 31/100 MP: 3/9
  6314 | D:7      | Killed diceflayer's ghost
  6318 | D:7      | HP: 5/102 [poisoned by othur's ghost]
  6319 | D:7      | HP: 2/102 [poisoned by othur's ghost]
  6320 | D:7      | Killed othur's ghost
  6320 | D:7      | Succumbed to othur's ghost's poison

Illustrated notes

Levels and vault maps discovered:
D:1:      kennysheep_arrival_forest, layout_basic, minivault_19,
          minmay_pentomino_q4
D:2:      layout_basic, serial_shops, shop,
          hellmonk_ecumenical_altar_inner_sanctum, minmay_tall_x
D:3:      wad_lake_hut, layout_loops_ring, serial_shops, shop
D:4:      layout_loops_cross, nicolae_underground_beach
D:5:      layout_basic, okawaru_metal_pillars_1_2, uniq_pikel
D:6:      layout_layer_cave, minmay_temple_entry_waves, serial_shops,
          nicolae_shop_behind_doors, grunt_ministairs_9
D:7:      layout_layer_cave, gammafunk_ghost_cemetery, uniq_prince_ribbit1
Temple:   minmay_crystal_spiral_temple

Skill      XL: |  1  2  3  4  5  6  7  8  9 10 |
---------------+-------------------------------+-----
Unarmed Combat | 4 5 7 8 9 12 | 12.5
Fighting       | 6 7 |  7.5
Dodging        | |  2.4
Stealth        | |  1.0

Action                   |  1- 3 |  4- 6 |  7- 9 | 10-12 || total
-------------------------+-------+-------+-------+-------++-------
Melee: Unarmed           |   121 |    87 |   152 |    18 ||   378
       Punch             |       |       |     7 |     1 ||     8
Throw: Stone             |       |    18 |       |       ||    18
       Javelin           |       |     2 |     3 |       ||     5
  Use: Scroll            |     6 |     3 |     5 |     1 ||    15
       Potion            |     5 |     1 |     5 |     1 ||    12
 Stab: Sleeping          |     7 |     4 |       |       ||    11
Armor: Robe              |    44 |    28 |    57 |     2 ||   131
Dodge: Dodged            |    46 |    42 |    51 |     3 ||   142
Block: Other             |       |       |    13 |       ||    13
